[Event "ICC tourney 2014 (15 5)"]
[Site "Internet Chess Club"]
[Date "2020.09.20"]
[Round "1"]
[White "VirginiaGuy"]
[Black "AdityaBang"]
[Result "0-1"]
[ICCResult "White resigns"]
[WhiteElo "1487"]
[BlackElo "1257"]
[Opening "Queen's pawn game"]
[ECO "D05"]
[NIC "QP.08"]
[Time "12:02:00"]
[TimeControl "900+5"]

1. d4 d5 2. Nf3 e6 3. e3 Nf6 4. Bd3 Be7 5. Nbd2 Nbd7 6. O-O b6 7. b3 Bb7 8.
Bb2 Ne4 9. Ne5 O-O 10. f3 Nxe5 11. dxe5 Nc5 12. Be2 f6 13. f4 fxe5 14. fxe5
Rxf1+ 15. Qxf1 Bg5 16. Qf2 Qe7 17. Nf3 Ne4 18. Qe1 Bxe3+ 19. Kh1 Nf2+
{White resigns}
0-1

[Event "ICC tourney 2014 (15 5)"]
[Site "Internet Chess Club"]
[Date "2020.09.20"]
[Round "1"]
[White "wildrumpus"]
[Black "rohitk14"]
[Result "1-0"]
[ICCResult "Black checkmated"]
[WhiteElo "1442"]
[BlackElo "1142"]
[Opening "Queen's pawn game"]
[ECO "D00"]
[NIC "QP.08"]
[Time "12:02:03"]
[TimeControl "900+5"]

1. d4 d5 2. e3 e6 3. Bd3 Nf6 4. Nd2 Be7 5. f4 b6 6. Ngf3 Bb7 7. O-O Nbd7 8.
Ne5 O-O 9. Qf3 c5 10. c3 Rc8 11. g4 cxd4 12. exd4 Nxe5 13. fxe5 Nd7 14. Qh3
h6 15. Nf3 Nb8 16. Bxh6 f6 17. Bxg7 f5 18. Bxf8 Bxf8 19. gxf5 exf5 20. Bxf5
Rc7 21. Be6+ Kg7 22. Qg4+ Kh7 23. Bf5+ Kh8 24. Qh5+ Kg8 25. Be6+ Kg7 26. Ng5
Qxg5+ 27. Qxg5+ Kh8 28. Rxf8+ Kh7 29. Bg8+ Kh8 30. Qh6+ Rh7 31. Qxh7#
{Black checkmated}
1-0

[Event "ICC tourney 2014 (15 5)"]
[Site "Internet Chess Club"]
[Date "2020.09.20"]
[Round "1"]
[White "Vidipkona"]
[Black "QueenHM"]
[Result "1-0"]
[ICCResult "Black checkmated"]
[WhiteElo "1352"]
[BlackElo "1546"]
[Opening "Sicilian: dragon, classical attack"]
[ECO "B73"]
[NIC "SI.15"]
[Time "12:03:50"]
[TimeControl "900+5"]

1. e4 c5 2. Nf3 d6 3. d4 cxd4 4. Nxd4 Nf6 5. Nc3 g6 6. Be2 Bg7 7. Be3 O-O 8.
O-O Nc6 9. f4 Nxd4 10. Bxd4 d5 11. e5 Ne4 12. Nxe4 dxe4 13. c3 b6 14. Qd2
Bb7 15. Qe3 e6 16. Rad1 Qc7 17. Rd2 Rfd8 18. Bd1 Bh6 19. Bc2 Qc6 20. Re1 Qb5
21. Bxe4 Bxe4 22. Qxe4 Qd5 23. Qxd5 Rxd5 24. Rf2 Rc8 25. h4 Bf8 26. Rd1 Bc5
27. Rfd2 Bxd4+ 28. Rxd4 Ra5 29. a3 Rac5 30. Rd8+ Rxd8 31. Rxd8+ Kg7 32. Rd7
a5 33. Kf2 h5 34. Ke3 b5 35. Kf3 b4 36. axb4 axb4 37. cxb4 Rb5 38. Rd4 f6
39. exf6+ Kxf6 40. Ke3 e5 41. fxe5+ Rxe5+ 42. Kd2 Rb5 43. Kc3 g5 44. hxg5+
Kxg5 45. Kc4 Rf5 46. b5 h4 47. b6 Rf2 48. b7 Rxb2 49. Rd5+ Kg4 50. Rb5 Rc2+
51. Kb3 Rxg2 52. b8=Q h3 53. Qc8+ Kg3 54. Rg5+ Kh2 55. Qc7+ Kh1 56. Qc1+ Kh2
57. Qf4+ Kh1 58. Qf3 Kh2 59. Qf4+ Kh1 60. Rh5 h2 61. Rxh2+ Rxh2 62. Qf1#
{Black checkmated}
1-0

[Event "ICC tourney 2014 (15 5)"]
[Site "Internet Chess Club"]
[Date "2020.09.20"]
[Round "1"]
[White "marinaxiao"]
[Black "amandapati"]
[Result "0-1"]
[ICCResult "White resigns"]
[WhiteElo "1385"]
[BlackElo "1524"]
[Opening "Petrov: Nimzovich attack"]
[ECO "C42"]
[NIC "RG.03"]
[Time "12:02:13"]
[TimeControl "900+5"]

1. e4 e5 2. Nf3 Nf6 3. Nxe5 d6 4. Nf3 Nxe4 5. Nc3 Nxc3 6. dxc3 c6 7. Bd3 Bd7
8. O-O Be7 9. Nd4 Na6 10. Qh5 Nc5 11. Bc4 O-O 12. b4 Na4 13. Bd3 g6 14. Qf3
Bf6 15. Bh6 Re8 16. Bc4 Nb6 17. Bb3 c5 18. bxc5 dxc5 19. Ne2 Bc6 20. Qg4 Bd7
21. Qf3 Bc6 22. Qg4 Qc8 23. Qxc8 Raxc8 24. Be3 c4 25. Bxb6 cxb3 26. Be3 Bb5
27. Rfe1 Bxe2 28. Rxe2 Bxc3 29. Rc1 bxa2 30. Ree1 Bxe1 31. Rxe1 Rxc2 32. Ra1
Rb2 33. f3 {White resigns} 0-1

[Event "ICC tourney 2014 (15 5)"]
[Site "Internet Chess Club"]
[Date "2020.09.20"]
[Round "1"]
[White "TheMoffattMan"]
[Black "Joshua1"]
[Result "0-1"]
[ICCResult "White resigns"]
[WhiteElo "1355"]
[BlackElo "1856"]
[Opening "Sicilian defense"]
[ECO "B40"]
[NIC "SI.43"]
[Time "12:02:05"]
[TimeControl "900+5"]

1. e4 c5 2. Nf3 e6 3. Nc3 d5 4. exd5 exd5 5. d4 c4 6. Be2 Nf6 7. O-O Be7 8.
b3 cxb3 9. axb3 O-O 10. Re1 Nc6 11. Bb2 Bg4 12. h3 Bh5 13. Ne5 Bxe2 14. Qxe2
Nxd4 15. Qd3 Nc6 16. Rad1 Bb4 17. Re3 d4 18. Nxc6 bxc6 19. Qxd4 Qxd4 20.
Rxd4 Bc5 21. Red3 Bxd4 22. Rxd4 Rfd8 23. Rf4 Rd2 24. Na4 Rxc2 25. Bxf6 gxf6
26. Rxf6 Rd8 27. Rf3 c5 28. g4 Rd4 29. Nc3 c4 30. Nb5 Rd1+ 31. Kg2 cxb3 32.
Rxb3 a6 33. Na3 Ra2 34. Kg3 Rda1 35. Nc4 a5 36. Rb2 Rxb2 37. Nxb2 a4 38.
Nxa4 Rxa4 39. f4 Kg7 40. g5 Kg6 41. Kg4 f5+ 42. gxf6 Kxf6 43. h4 Kg6 44. h5+
Kf6 45. Kf3 Kf5 {White resigns} 0-1

[Event "ICC tourney 2014 (15 5)"]
[Site "Internet Chess Club"]
[Date "2020.09.20"]
[Round "1"]
[White "NikiSDKChess"]
[Black "pmchess98"]
[Result "0-1"]
[ICCResult "White checkmated"]
[WhiteElo "819"]
[BlackElo "1432"]
[Opening "Three knights game"]
[ECO "C46"]
[NIC "KP.06"]
[Time "12:06:25"]
[TimeControl "900+5"]

1. e4 e5 2. Nf3 Nc6 3. Nc3 Bc5 4. d3 h6 5. d4 exd4 6. Nd5 Nf6 7. a3 a5 8.
Bf4 d6 9. h3 O-O 10. Bb5 Nxe4 11. Bxc6 bxc6 12. b4 Ba7 13. Bg5 hxg5 14. Nxg5
Nxg5 15. Nf4 Re8+ 16. Ne2 Ba6 17. c4 Bxc4 18. Ra2 Bxa2 19. O-O axb4 20. axb4
Bc4 21. Re1 Qf6 22. Ng3 d3 23. Rxe8+ Rxe8 24. Kh2 Qxf2 25. Nh5 d2 26. Qa1
Bd4 27. Qd1 Be5+ 28. Kh1 Qe1+ 29. Qxe1 dxe1=Q# {White checkmated} 0-1

[Event "ICC tourney 2014 (15 5)"]
[Site "Internet Chess Club"]
[Date "2020.09.20"]
[Round "1"]
[White "Kokosnuss1000"]
[Black "BobbyFissure"]
[Result "0-1"]
[ICCResult "White checkmated"]
[WhiteElo "1573"]
[BlackElo "1532"]
[Opening "Scandinavian (center counter) defense"]
[ECO "B01"]
[NIC "VO.17"]
[Time "12:02:45"]
[TimeControl "900+5"]

1. e4 d5 2. d3 dxe4 3. dxe4 Qxd1+ 4. Kxd1 Nf6 5. Nc3 a6 6. Nf3 Nc6 7. Bf4
Ng4 8. Ke1 e5 9. h3 exf4 10. hxg4 Bb4 11. g5 O-O 12. Bd3 Re8 13. e5 g6 14.
Kd1 Bg4 15. Re1 Bxf3+ 16. gxf3 Nxe5 17. Be4 Rad8+ 18. Kc1 c6 19. a3 Bxc3 20.
bxc3 Nxf3 21. Bxf3 Rxe1+ 22. Kb2 Rxa1 23. Kxa1 Rd2 24. Be4 Rxf2 25. Kb2 Kg7
26. Kb3 h5 27. Kc4 h4 28. Kd3 h3 29. Kd4 f3 30. Ke3 Re2+ 31. Kxf3 Rxe4 32.
Kxe4 h2 33. Kd4 h1=Q 34. Kc4 Qd5+ 35. Kb4 Qb5# {White checkmated} 0-1

[Event "ICC tourney 2014 (15 5)"]
[Site "Internet Chess Club"]
[Date "2020.09.20"]
[Round "1"]
[White "snifflingalloy6"]
[Black "oxdidi"]
[Result "1-0"]
[ICCResult "Black forfeits on time"]
[WhiteElo "1724"]
[BlackElo "1304"]
[Opening "Giuoco Piano"]
[ECO "C44"]
[NIC "SO.06"]
[Time "12:01:57"]
[TimeControl "900+5"]

1. e4 e5 2. Nf3 Nc6 3. d4 exd4 4. Bc4 Bc5 5. c3 Nf6 6. cxd4 Bb4+ 7. Bd2
Bxd2+ 8. Nbxd2 O-O 9. O-O d6 10. h3 Bd7 11. Re1 h6 12. a3 a6 13. a4 Qe7 14.
Qc2 Rfe8 15. Rad1 Rab8 16. Ba2 Nb4 17. Qb1 Nxa2 18. Qxa2 Be6 19. b3 Qd7 20.
Kh2 d5 21. e5 Nh5 22. Qc2 Nf4 23. Ng1 Bf5 24. Qc3 c6 25. h4 Qe6 26. Qg3 Nh5
27. Qe3 Qg6 28. g3 Bc2 29. Rc1 Bd3 30. Qf3 Be4 31. Nxe4 dxe4 32. Qxe4 Qxe4
33. Rxe4 Rbd8 34. g4 Nf6 35. Rf4 Nd5 36. Rf3 Nc7 37. Ne2 Ne6 38. Rd3 c5 39.
d5 {Black forfeits on time} 1-0

[Event "ICC tourney 2014 (15 5)"]
[Site "Internet Chess Club"]
[Date "2020.09.20"]
[Round "1"]
[White "michaelxiao"]
[Black "steinutz"]
[Result "0-1"]
[ICCResult "White resigns"]
[WhiteElo "1356"]
[BlackElo "1792"]
[Opening "English, 1...Nf6 (Anglo-Indian defense)"]
[ECO "A15"]
[NIC "EO.64"]
[Time "12:02:15"]
[TimeControl "900+5"]

1. c4 Nf6 2. g3 g6 3. Bg2 Bg7 4. Nf3 d6 5. e3 e5 6. d4 Nc6 7. dxe5 dxe5 8.
Qxd8+ Kxd8 9. Nc3 Be6 10. b3 a6 11. Bb2 h6 12. O-O-O+ Kc8 13. Nd5 Nd7 14.
Rd2 a5 15. a4 Nc5 16. Kb1 Nxb3 17. Rdd1 Nc5 18. Nd2 Nxa4 19. Ne4 Nxb2 20.
Kxb2 f5 21. Nc5 e4+ 22. Ka3 Re8 23. Rd2 b6 24. Nxe6 Rxe6 25. Rhd1 Ne5 26.
Kb3 a4+ 27. Kb4 Nd3+ 28. Ka3 Ra5 29. Bf1 Nc5 30. Nf4 Rc6 31. Rd8+ Kb7 32.
Rg8 g5 33. Rdd8 Na6 34. Rxg7 gxf4 35. gxf4 Rf6 36. Rdd7 Rc5 37. Kxa4 Nb8 38.
Rd8 Ra5+ 39. Kb4 Na6+ 40. Kc3 Ra2 41. Rg2 Ra1 42. Be2 Nc5 43. Rgg8 Na6 44.
Rd5 Ra2 45. Rd2 Ra1 46. Re8 Rh1 47. Rh8 Rxh2 48. Rd7 Rxf2 49. Rd2 Rh2 50. c5
Rh1 51. cxb6 Rxb6 52. Bxa6+ Rxa6 53. Rb2+ Rb6 54. Rxb6+ cxb6 55. Rh7+ Ka6
56. Rg7 h5 57. Rf7 h4 58. Rxf5 h3 59. Rh5 h2 60. Kd2 Ra1 61. Rxh2 Ra2+ 62.
Kc3 Rxh2 63. Kd4 b5 64. Kxe4 b4 65. Kd3 b3 66. f5 b2 67. f6 b1=Q+ 68. Kd4
Qf5 69. e4 Qxf6+ 70. e5 {White resigns} 0-1

[Event "ICC tourney 2014 (15 5)"]
[Site "Internet Chess Club"]
[Date "2020.09.20"]
[Round "2"]
[White "QueenHM"]
[Black "michaelxiao"]
[Result "1-0"]
[ICCResult "Black checkmated"]
[WhiteElo "1607"]
[BlackElo "1356"]
[Opening "French: Wing gambit"]
[ECO "C00"]
[NIC "FR.01"]
[Time "13:02:13"]
[TimeControl "900+5"]

1. e4 e6 2. Nf3 d5 3. e5 c5 4. b4 cxb4 5. d4 Nc6 6. a3 bxa3 7. c3 Nge7 8.
Bd3 Ng6 9. O-O Be7 10. Nxa3 O-O 11. Nc2 b6 12. Ne3 Bb7 13. Ng4 Bg5 14. Bxg5
f6 15. exf6 gxf6 16. Bh6 Rf7 17. Re1 Qd7 18. Bxg6 hxg6 19. Nh4 Kh7 20. Bc1
g5 21. Qd3+ Kg8 22. Nf3 e5 23. Qg6+ Kf8 24. Nh6 Rg7 25. Qxf6+ Ke8 26. Bxg5
Rxg5 27. Qxg5 e4 28. Ne5 Nxe5 29. Qxe5+ Kd8 30. Nf5 Kc8 31. Nd6+ Kc7 32.
Nb5+ Kc6 33. Nxa7+ Rxa7 34. Rxa7 Kb5 35. Rb1+ Kc4 36. Qg3 b5 37. Rb4#
{Black checkmated}
1-0

[Event "ICC tourney 2014 (15 5)"]
[Site "Internet Chess Club"]
[Date "2020.09.20"]
[Round "2"]
[White "Jeffchess"]
[Black "NikiSDKChess"]
[Result "1-0"]
[ICCResult "Black checkmated"]
[WhiteElo "1368"]
[BlackElo "729"]
[Opening "Four knights: Italian variation"]
[ECO "C47"]
[NIC "KP.06"]
[Time "13:02:49"]
[TimeControl "900+5"]

1. e4 e5 2. Nf3 Nc6 3. Nc3 Nf6 4. Bc4 h6 5. Bxf7+ Kxf7 6. Nxe5+ Nxe5 7. d4
Ng6 8. e5 Ne8 9. h4 Nxh4 10. Qh5+ Kg8 11. Rxh4 Be7 12. Rg4 d5 13. Rg6 c6 14.
Bd2 Bg5 15. Bxg5 Qd7 16. Bh4 Nc7 17. O-O-O Ne6 18. f4 Nxf4 19. e6 Qe8 20.
Rxg7+ Kxg7 21. Qe5+ Kg8 22. Qxf4 Qxe6 23. Rf1 Bd7 24. Bf6 Rh7 25. Qg3+ Kf8
26. Bg7+ Ke7 27. Qh4+ Ke8 28. Rf8# {Black checkmated} 1-0

[Event "ICC tourney 2014 (15 5)"]
[Site "Internet Chess Club"]
[Date "2020.09.20"]
[Round "2"]
[White "oxdidi"]
[Black "VirginiaGuy"]
[Result "0-1"]
[ICCResult "White resigns"]
[WhiteElo "1321"]
[BlackElo "1522"]
[Opening "French: advance, Paulsen attack"]
[ECO "C00"]
[NIC "FR.01"]
[Time "13:01:33"]
[TimeControl "900+5"]

1. e4 e6 2. Nf3 d5 3. e5 c5 4. c3 Nc6 5. d4 Qb6 6. Be2 Nge7 7. O-O Nf5 8.
Qd2 cxd4 9. cxd4 Nfxd4 10. Nxd4 Qxd4 11. Qc2 Qxe5 12. Nc3 Nd4 13. Qa4+ Bd7
14. Qd1 Nxe2+ 15. Nxe2 Bb5 16. Re1 Bxe2 17. Rxe2 Qh5 18. Be3 Bd6 19. h3 O-O
20. Rc2 Qxd1+ 21. Rxd1 a6 22. Rdc1 h6 23. g3 Rfb8 24. Bf4 Bxf4 25. gxf4 d4
26. Rd2 Rd8 27. Rcd1 Kf8 28. Rxd4 Rxd4 29. Rxd4 Ke7 30. Rb4 b5 31. Rd4 Rd8
32. Rxd8 Kxd8 33. Kg2 Ke7 34. Kf3 h5 35. Ke4 Kd6 36. Kd4 f6 37. b4 e5+ 38.
fxe5+ fxe5+ 39. Ke4 Ke6 40. f4 exf4 41. Kxf4 Kf6 42. h4 Kg6 43. Ke5 Kh6 44.
Kf5 g6+ 45. Kf6 Kh7 46. a3 Kh6 47. Ke5 g5 48. hxg5+ Kxg5 49. Ke4 Kg4 50. Ke3
Kg3 51. Ke2 Kg2 52. Ke1 h4 53. Ke2 h3 54. Ke3 h2 55. Kf4 h1=Q 56. Ke4 Qa1
57. a4 Qxa4 {White resigns} 0-1

[Event "ICC tourney 2014 (15 5)"]
[Site "Internet Chess Club"]
[Date "2020.09.20"]
[Round "2"]
[White "Kokosnuss1000"]
[Black "TheMoffattMan"]
[Result "0-1"]
[ICCResult "White resigns"]
[WhiteElo "1141"]
[BlackElo "1414"]
[Opening "Sicilian: dragon, classical, 8.O-O"]
[ECO "B73"]
[NIC "SI.31"]
[Time "13:01:49"]
[TimeControl "900+5"]

1. e4 c5 2. Nf3 Nc6 3. Nc3 g6 4. d4 cxd4 5. Nxd4 Bg7 6. Be3 d6 7. Be2 Nf6 8.
O-O O-O 9. f4 e6 10. Rf3 Ng4 11. Rh3 Nxe3 12. Nxc6 Nxd1 13. Nxd8 Nxc3 14.
bxc3 Rxd8 15. Rd1 e5 16. Rhd3 exf4 17. Rxd6 Rxd6 18. Rxd6 Be6 19. Bf3 Bxc3
20. e5 Rb8 21. Be4 Bxe5 22. Rd3 Bxa2 23. Rd7 b6 24. Bb7 Bb1 25. Bd5 Rf8 26.
c4 a5 27. Rb7 Bd4+ 28. Kh1 Bf5 {White resigns} 0-1

[Event "ICC tourney 2014 (15 5)"]
[Site "Internet Chess Club"]
[Date "2020.09.20"]
[Round "2"]
[White "BobbyFissure"]
[Black "amandapati"]
[Result "0-1"]
[ICCResult "White forfeits on time"]
[WhiteElo "1506"]
[BlackElo "473"]
[Opening "Queen's pawn game, Darooha variation "]
[ECO "D02"]
[NIC "QP.08"]
[Time "13:01:32"]
[TimeControl "900+5"]

1. d4 d5 2. Nf3 Nf6 3. g3 c6 4. Bg2 c5 5. Nc3 Nbd7 6. O-O e6 7. Re1 cxd4 8.
Nxd4 Nc5 9. Bg5 a6 10. b4 Ncd7 11. Rb1 h6 12. Bd2 Be7 13. e4 Nxe4 14. Nxe4
dxe4 15. Bxe4 Nf6 16. Bc3 e5 17. Nf5 Qxd1 18. Nxg7+ Kf8 19. Rbxd1 Nxe4 20.
Rxe4 Kxg7 21. Bxe5+ Bf6 22. Bxf6+ Kxf6 23. Rd6+ Kf5 24. f3 Be6 25. h4 Rhd8
26. g4+ Kf6 27. Rb6 Rab8 28. Kg2 Rd2+ 29. Kg3 Rc8 30. c4 Rxa2 31. g5+ hxg5
32. hxg5+ Kf5 33. Rxb7 Rh8 {White forfeits on time} 0-1

[Event "ICC tourney 2014 (15 5)"]
[Site "Internet Chess Club"]
[Date "2020.09.20"]
[Round "2"]
[White "AdityaBang"]
[Black "snifflingalloy6"]
[Result "0-1"]
[ICCResult "White checkmated"]
[WhiteElo "1231"]
[BlackElo "1727"]
[Opening "Scandinavian defense"]
[ECO "B01"]
[NIC "SD.03"]
[Time "13:01:27"]
[TimeControl "900+5"]

1. e4 d5 2. exd5 Nf6 3. Nc3 Nxd5 4. Nxd5 Qxd5 5. Nf3 e5 6. d3 Be7 7. Be3 c5
8. Qd2 Nc6 9. c4 Qd8 10. Be2 O-O 11. O-O-O h6 12. g4 Bxg4 13. Rhg1 h5 14. h3
Bxh3 15. Ng5 Bxg5 16. Bxg5 f6 17. Bh6 g5 18. Bxg5 fxg5 19. Rxg5+ Kf7 20.
Bxh5+ Ke7 21. Rg7+ Kd6 22. Rdg1 Ne7 23. Qe3 Bd7 24. Re1 Nc6 25. Bf3 Qf6 26.
Reg1 Qxf3 27. Qh6+ Kc7 28. Qh7 Rad8 29. a3 Qxf2 30. Kb1 Qe2 31. R1g2 Rf2 32.
Rxf2 Qxf2 33. Rf7 Qe3 34. Rg7 Nd4 35. Re7 Kc8 36. Qg7 Qxd3+ 37. Ka2 e4 38.
Qe5 Qxc4+ 39. Ka1 Nb3+ 40. Kb1 Nd2+ 41. Ka1 Qc2 42. Rh7 Qb1# {White
checkmated} 0-1

[Event "ICC tourney 2014 (15 5)"]
[Site "Internet Chess Club"]
[Date "2020.09.20"]
[Round "2"]
[White "Joshua1"]
[Black "wildrumpus"]
[Result "0-1"]
[ICCResult "White checkmated"]
[WhiteElo "1840"]
[BlackElo "1472"]
[Opening "Queen's Indian accelerated"]
[ECO "A50"]
[NIC "QP.07"]
[Time "13:02:05"]
[TimeControl "900+5"]

1. d4 Nf6 2. c4 b6 3. Nc3 Bb7 4. f3 Nc6 5. e4 e6 6. Nge2 Be7 7. Be3 O-O 8.
Ng3 Bb4 9. Be2 Bxc3+ 10. bxc3 h6 11. O-O Ba6 12. e5 Ne8 13. Qd2 Qh4 14. f4
f5 15. d5 Na5 16. c5 Bxe2 17. Nxe2 Nc4 18. Qd3 Nxe3 19. Qxe3 exd5 20. Rfd1
c6 21. cxb6 axb6 22. Qxb6 g5 23. fxg5 hxg5 24. Qb7 Rd8 25. Rd4 f4 26. Rf1
Ng7 27. Qb1 Nf5 28. Rd3 Ne3 29. Rf3 Ng4 30. h3 Nxe5 31. Rd4 Nxf3+ 32. gxf3
Qxh3 33. Qg6+ Kh8 34. Rd3 Rde8 35. Rd2 Re6 36. Qd3 Rfe8 37. Qd4+ Kg8 38. Qf2
Rh6 39. Qg2 Qh4 40. Rd1 Rhe6 41. Rd2 Qe1+ 42. Qf1 Qxd2 43. Qg2 Qe1+ 44. Qf1
Qxf1+ 45. Kxf1 Rxe2 46. a4 Ra2 47. a5 Rxa5 48. Kf2 Re3 49. c4 dxc4 50. Kg2
c3 51. Kf2 c2 52. Kg2 c1=Q 53. Kf2 Ra2# {White checkmated} 0-1

[Event "ICC tourney 2014 (15 5)"]
[Site "Internet Chess Club"]
[Date "2020.09.20"]
[Round "2"]
[White "steinutz"]
[Black "Vidipkona"]
[Result "0-1"]
[ICCResult "White resigns"]
[WhiteElo "1748"]
[BlackElo "1358"]
[Opening "Trompowsky attack (Ruth, Opocenský opening)"]
[ECO "A45"]
[NIC "QP.07"]
[Time "13:01:41"]
[TimeControl "900+5"]

1. d4 Nf6 2. Bg5 Ne4 3. Bf4 g6 4. e3 Bg7 5. Bd3 Nf6 6. Nf3 O-O 7. c4 d6 8.
Nc3 Nbd7 9. O-O c5 10. Rc1 b6 11. h3 Bb7 12. d5 a6 13. a4 Qc7 14. e4 Rfe8
15. Re1 Nh5 16. Bg5 e6 17. Qd2 exd5 18. exd5 Ne5 19. Nxe5 Bxe5 20. g4 Ng7
21. Ne4 f5 22. Nf6+ Bxf6 23. Bxf6 Qf7 24. Bc3 fxg4 25. hxg4 Qf3 26. Be2 Qf7
27. b3 Re7 28. Qg5 Rae8 29. Bf1 Bc8 30. Rxe7 Rxe7 31. Re1 Rxe1 32. Bxe1 Qd7
33. f3 Ne8 34. Bc3 Qf7 35. Kg2 Bb7 36. Bd3 b5 37. axb5 axb5 38. Bf5 Ng7 39.
Qd8+ Qf8 40. Qxf8+ Kxf8 41. Bd7 bxc4 42. bxc4 Ne8 43. Kf2 Ke7 44. Ba4 Nc7
45. Ke3 Ba6 46. Bb3 Ne8 47. g5 Kf7 48. Ke4 Ng7 49. Ba5 Nf5 50. Bc7 Ke7 51.
Ba2 Kd7 52. Ba5 Nd4 53. Bc3 Nf5 54. f4 Kc7 55. Bf6 Kc8 56. Bc3 Kd8 57. Bb3
Ke7 58. Kd3 Ng3 59. Bd1 Nf5 60. Bg4 Bxc4+ 61. Ke4 Bxd5+ 62. Kd3 c4+ 63. Ke2
Ng3+ 64. Kd2 Ne4+ 65. Kc2 Nxc3 66. Kxc3 Be6 67. Bf3 Kd7 68. Kd4 Kc7 69. Be4
Kb6 70. Bc2 Kb5 71. Kc3 Kc5 72. Ba4 d5 73. Be8 d4+ 74. Kd2 c3+ 75. Kc1 d3
76. Ba4 Kd4 77. Bb5 d2+ 78. Kd1 Bg4+ {White resigns} 0-1

[Event "ICC tourney 2014 (15 5)"]
[Site "Internet Chess Club"]
[Date "2020.09.20"]
[Round "2"]
[White "rohitk14"]
[Black "marinaxiao"]
[Result "0-1"]
[ICCResult "White checkmated"]
[WhiteElo "1050"]
[BlackElo "1435"]
[Opening "Sicilian: Pelikan (Lasker/Sveshnikov) variation"]
[ECO "B33"]
[NIC "SI.35"]
[Time "13:01:29"]
[TimeControl "900+5"]

1. e4 c5 2. Nf3 Nc6 3. d4 cxd4 4. Nxd4 Nf6 5. Nc3 e5 6. Nb3 Bb4 7. Bd3 d5 8.
exd5 Nxd5 9. Bd2 Be6 10. a3 Bxc3 11. Bxc3 O-O 12. O-O f5 13. Nc5 Qe7 14.
Nxe6 Qxe6 15. Bc4 Rad8 16. Qe2 Kh8 17. Bxd5 Qxd5 18. Rfe1 Rde8 19. Rad1 Qe6
20. f4 e4 21. Qb5 Rf7 22. Rd2 Qh6 23. Qf1 Rff8 24. Qf2 Rf7 25. Red1 e3 26.
Qxe3 Rfe7 27. Qf2 Qg6 28. Rd7 Rxd7 29. Rxd7 Re7 30. Rxe7 Nxe7 31. Qxa7 Qc6
32. Qb8+ Ng8 33. Qe5 Qd7 34. Qd4 Qe7 35. g3 h6 36. Kf2 Nf6 37. h3 Qf7 38.
Qd8+ Ng8 39. b4 Qc4 40. Qd4 Qf7 41. a4 Nf6 42. b5 Qa2 43. Bb2 Qb1 44. Qc3
Qa2 45. Qb4 Qb1 46. c4 Qc2+ 47. Ke3 Qe4+ 48. Kd2 Qg2+ 49. Kc1 Qf1+ 50. Kc2
Qe2+ 51. Kb3 Qd3+ 52. Qc3 Qd1+ 53. Ka3 Kh7 54. Qb3 Qd6+ 55. Ka2 Ne4 56. a5
Qc5 57. Qd3 Qb4 58. a6 bxa6 59. bxa6 Qa4+ 60. Qa3 Qxc4+ 61. Ka1 Nd2 62. Qc3
Qxa6+ 63. Qa3 Qe6 64. Qc3 Qe1+ 65. Ka2 Qe6+ 66. Ka1 Qe1+ 67. Qc1 Nb3+ 68.
Kb1 Nxc1 69. Bxc1 Qxg3 70. Kc2 Qxh3 71. Kb2 h5 72. Kc2 Qg3 73. Kb2 h4 74.
Bd2 h3 75. Be1 Qxe1 76. Kc2 h2 77. Kd3 h1=Q 78. Kc4 Qhf1+ 79. Kd5 Qe4+ 80.
Kd6 Qfd3+ 81. Kc5 Qec4+ 82. Kb6 Qdb3+ 83. Ka7 Qca4# {White checkmated} 0-1

[Event "ICC tourney 2014 (15 5)"]
[Site "Internet Chess Club"]
[Date "2020.09.20"]
[Round "3"]
[White "michaelxiao"]
[Black "AdityaBang"]
[Result "1-0"]
[ICCResult "Black checkmated"]
[WhiteElo "1373"]
[BlackElo "1223"]
[Opening "Giuoco Piano"]
[ECO "C54"]
[NIC "IG.02"]
[Time "14:01:57"]
[TimeControl "900+5"]

1. e4 e5 2. Nf3 Nc6 3. Bc4 Bc5 4. c3 Nf6 5. d4 exd4 6. cxd4 Bb4+ 7. Bd2
Bxd2+ 8. Nbxd2 O-O 9. O-O d5 10. exd5 Nxd5 11. Ne4 Nb6 12. Bb3 Bf5 13. Ng3
Be6 14. Bxe6 fxe6 15. Re1 Qf6 16. Qd3 Rad8 17. Rad1 Nb4 18. Qb3 N4d5 19. Ne4
Qg6 20. Nc5 Nf4 21. Nh4 Qg5 22. Nxe6 Nh3+ 23. Qxh3 Qf6 24. Nxf8 Rxf8 25.
Qe6+ Rf7 26. Qxf6 Rxf6 27. Re7 Nd5 28. Rd7 c6 29. Rxb7 Rf4 30. Re1 Nf6 31.
Nf3 h6 32. Rxa7 Kf8 33. a4 Nd5 34. a5 Nb4 35. a6 Nd3 36. Ree7 Nxb2 37. Rf7+
Rxf7 38. Rxf7+ Kxf7 39. a7 Nc4 40. a8=Q Nd6 41. Qxc6 Ke7 42. Ne5 Ke6 43.
Qd7+ Kd5 44. Nf7 Kxd4 45. Qxd6+ Ke4 46. f3+ Kf5 47. g4# {Black checkmated}
1-0

[Event "ICC tourney 2014 (15 5)"]
[Site "Internet Chess Club"]
[Date "2020.09.20"]
[Round "3"]
[White "oxdidi"]
[Black "Kokosnuss1000"]
[Result "1/2-1/2"]
[ICCResult "Game drawn by mutual agreement"]
[WhiteElo "1321"]
[BlackElo "1152"]
[Opening "Pirc defense"]
[ECO "B07"]
[NIC "PU.08"]
[Time "14:02:30"]
[TimeControl "900+5"]

1. e4 d6 2. d4 Nf6 3. Nc3 e5 4. d5 Be7 5. Nf3 O-O 6. Bb5 Bg4 7. O-O c6 8.
Bc4 b5 9. Bb3 a5 10. a3 Na6 11. h3 Bh5 12. Bg5 b4 13. axb4 axb4 14. Na2 cxd5
15. exd5 e4 16. Bxf6 Bxf6 17. g4 Bxb2 18. Rb1 Qf6 19. Nh2 Bg6 20. Qe2 Be5
21. Bc4 Qf4 22. f3 Rfc8 23. fxe4 Qg3+ 24. Kh1 Bxe4+ 25. Nf3 Qxh3+ 26. Kg1
Qg3+ 27. Kh1 Qh3+ 28. Kg1 {Game drawn by mutual agreement} 1/2-1/2

[Event "ICC tourney 2014 (15 5)"]
[Site "Internet Chess Club"]
[Date "2020.09.20"]
[Round "3"]
[White "Jeffchess"]
[Black "BobbyFissure"]
[Result "1-0"]
[ICCResult "Black checkmated"]
[WhiteElo "1390"]
[BlackElo "1489"]
[Opening "Sicilian: closed"]
[ECO "B23"]
[NIC "SI.44"]
[Time "14:02:02"]
[TimeControl "900+5"]

1. e4 c5 2. Nc3 e6 3. Nf3 a6 4. d4 cxd4 5. Ne2 Bb4+ 6. Bd2 Bxd2+ 7. Qxd2 Ne7
8. Nexd4 Nbc6 9. Qg5 O-O 10. Nxc6 Nxc6 11. Qxd8 Rxd8 12. O-O-O d5 13. exd5
exd5 14. Bd3 Nb4 15. a3 Nxd3+ 16. Rxd3 Bf5 17. Rb3 Rac8 18. Nd4 Bxc2 19.
Nxc2 d4 20. Rd1 b5 21. Rbd3 a5 22. Kb1 g6 23. Rxd4 Re8 24. Ne3 Kg7 25. Rd5
Rb8 26. Rc5 a4 27. Rd4 f5 28. Rb4 Rbd8 29. Rcxb5 Rd2 30. Rb7+ Kf6 31. R4b6+
Kg5 32. h4+ Kf4 33. g3+ Kf3 34. Rb4 Kxf2 35. Nc4 Rd1+ 36. Kc2 Ke1 37. Rxa4
Re2+ 38. Kb3 Rg2 39. Re7+ Kf2 40. Kb4 h5 41. Ne3 Rd4+ 42. Ka5 Rxa4+ 43. Kxa4
Rxg3 44. Nd1+ Kg2 45. Re2+ Kh3 46. b4 Re3 47. Rxe3+ Kxh4 48. b5 f4 49. Rb3
g5 50. b6 g4 51. b7 f3 52. b8=Q Kh3 53. Nf2+ Kg2 54. Rb2 g3 55. Ng4+ f2 56.
Nxf2 h4 57. Ng4+ Kh3 58. Qc8 g2 59. Ne3+ Kg3 60. Qg4+ Kh2 61. Rxg2+ Kh1 62.
Qxh4# {Black checkmated} 1-0

[Event "ICC tourney 2014 (15 5)"]
[Site "Internet Chess Club"]
[Date "2020.09.20"]
[Round "3"]
[White "snifflingalloy6"]
[Black "Vidipkona"]
[Result "0-1"]
[ICCResult "White resigns"]
[WhiteElo "1696"]
[BlackElo "1357"]
[Opening "Sicilian: Smith-Morra gambit"]
[ECO "B21"]
[NIC "SI.48"]
[Time "14:02:03"]
[TimeControl "900+5"]

1. e4 c5 2. d4 cxd4 3. c3 dxc3 4. Nxc3 d6 5. Bc4 e6 6. Nf3 Nf6 7. O-O Be7 8.
Qe2 O-O 9. Rd1 Nbd7 10. Nb5 Nxe4 11. Qxe4 d5 12. Bxd5 exd5 13. Rxd5 a6 14.
Nc3 b6 15. Ne5 Bb7 16. Rxd7 Bxe4 17. Rxd8 Raxd8 18. Be3 Bb7 19. Bxb6 Rd6 20.
Be3 Rfd8 21. h3 Bf6 22. Nc4 Rd3 23. Rc1 Bxc3 24. bxc3 Rd1+ 25. Rxd1 Rxd1+
26. Kh2 Rd3 27. Bd4 Bd5 28. Ne5 Rd2 29. a3 f6 30. Nd7 Ra2 31. Nb6 Bb7 32. a4
Bc6 33. Nc8 Bxa4 34. g4 Bb5 35. Kg3 a5 36. Nd6 Bc6 37. Kf4 a4 38. Nf5 Kf7
39. Ke3 a3 40. Nd6+ Ke6 41. Nc4 Re2+ 42. Kxe2 a2 43. Na5 a1=Q 44. Nxc6 Qa6+
{White resigns}
0-1